 Dungeon Crawl Stone Soup version 0.17-a0-1778-gd369669 (webtiles) character file.

85 ololoev the Poker (level 4, 0/32 HPs)
             Began as a Draconian Skald on Sept 8, 2015.
             Succumbed to an adder's poison
             ... on level 2 of the Dungeon.
             The game lasted 00:04:27 (2476 turns).

ololoev the Poker (Draconian Skald)                 Turns: 2476, Time: 00:04:27

Health: 0/32       AC:  5    Str: 15    XL:     4   Next: 25%
Magic:  0/7        EV: 12    Int: 12    God:
Gold:   60         SH:  0    Dex: 11    Spells: 2 memorised, 4 levels left

rFire  . . .     SeeInvis .     a - +0 spear
rCold  . . .     Clarity  .     (armour unavailable)
rNeg   . . .     SustAt   .     (no shield)
rPois  .         Gourm    .     (helmet restricted)
rElec  .         Spirit   .     (no cloak)
rCorr  .         Warding  .     (no gloves)
rMut   .         Stasis   .     (no boots)
MR     .....                    (no amulet)
Stlth  ++........               (no ring)
                                q - ring of stealth

@: lethally poisoned (0 -> -3), infused (expiring), singing, very slightly
contaminated, not resistant to hostile enchantments, unstealthy
A: unfitting armour, blurry vision 1, frail 1, sense surroundings 1,
cold-blooded, AC +5
a: Stop Singing


Innate Abilities, Weirdness & Mutations

Your plain brown scales are hard (AC +5).
Your body does not fit into most forms of armour.
You are cold-blooded and may be slowed by cold attacks.
Scrolls take you a little longer to read.
You are frail (-10% HP).
You passively map a small area around you.

Inventory:

Hand weapons
 a - a +0 spear (weapon)
Jewellery
 q - a ring of stealth (left hand)
Scrolls
 e - a scroll of amnesia {unknown}
 g - 2 scrolls of magic mapping {unknown}
 h - a scroll of fear {unknown}
 l - a scroll of noise {unknown}
 m - 4 scrolls of identify {unknown}
 n - 2 scrolls of enchant weapon {unknown}
 p - a scroll of fog {unknown}
 r - a scroll of immolation {unknown}
Potions
 o - 2 potions of flight
Books
 b - a book of Battle

   Spells                             Type                      Level
   a - Infusion                       Charms                       1
   b - Shroud of Golubria             Charms/Translocation         2
   c - Song of Slaying                Charms                       2
   d - Spectral Weapon                Hexes/Charms                 3
   e - Regeneration                   Charms/Necromancy            3
Comestibles
 c - a bread ration
 j - a meat ration


   Skills:
 - Level 2.1 Fighting
 + Level 4.5 Polearms
 - Level 1.3 Dodging
 - Level 2.0 Spellcasting
 - Level 2.6 Charms


You had 4 spell levels left.
You knew the following spells:

 Your Spells              Type           Power        Failure   Level  Hunger
a - Infusion              Chrm           #.....       12%         1    ##.....
b - Song of Slaying       Chrm           #.......     14%         2    ###....


You were on level 2 of the Dungeon.
You were not hungry.

You visited 1 branch of the dungeon, and saw 3 of its levels.

You collected 60 gold pieces.

#.####..#.##..#.##
#.>.#
###.####.......#.##
#...#
.......##.#.######
##.##
###.##.##.#.#########
#.#
#.##.##.#.#.......#
#.####
#.........#.#####.#
#....####
###########.#####.###
##....... #.##.†....#
#....####
#)##@#.>#.###.#.## #
#.##.#..........# #
#.......#.###.### #
####...##.###<#### #
#.............#
###.###.......#
####.# #.......#
#....# #.......#
#>#### #.......# #

Notes
Turn   | Place    | Note
--------------------------------------------------------------
     0 | D:1      | ololoev the Draconian Skald began the quest for the Orb.
     0 | D:1      | Reached XP level 1. HP: 17/17 MP: 3/3
   290 | D:1      | Reached XP level 2. HP: 16/24 MP: 5/5
   294 | D:1      | Learned a level 2 spell: Song of Slaying
   502 | D:1      | Reached skill level 3 in Polearms
  1695 | D:2      | Reached XP level 3. HP: 29/29 MP: 6/6
  1706 | D:2      | Noticed Natasha
  1710 | D:2      | Killed Natasha
  1710 | D:2      | Reached skill level 4 in Polearms
  1935 | D:2      | Reached XP level 4. HP: 11/36 MP: 3/7
  2257 | D:3      | Noticed kroki's ghost (average TrBe)
  2264 | D:3      | Gained mutation: Scrolls take you a little longer to read. [potion of mutation]
  2264 | D:3      | Gained mutation: You are frail (-10% HP). [potion of mutation]
  2264 | D:3      | Gained mutation: You passively map a small area around you. [potion of mutation]
  2475 | D:2      | HP: 1/32 [goblin (4)]
  2476 | D:2      | Succumbed to an adder's poison

Dungeon Overview and Level Annotations

Branches:
Dungeon (3/15)

Altars:

Annotations:
D:3 kroki's ghost, average TrBe


Message History

You hear a shout!
An orc wizard comes into view. It is wielding a dagger of draining.
You hit the adder.
Your tail-slap misses the adder.
The adder is moderately wounded.
The adder barely misses you.
You closely miss the adder.
The adder is moderately wounded.
The adder bites you but does no damage. The goblin misses you.
The orc priest mumbles some strange prayers to Beogh against you.
Something smites you! The giant newt closely misses you.
The adder bites you but does no damage.
An orc comes into view. It is wielding a mace.
The adder bites you but does no damage.
The orc priest calls down the wrath of Beogh upon you.
Something smites you! The giant newt barely misses you.
You climb upwards.
There is a stone staircase leading down here.
Unknown command.
The giant newt closely misses you.
You barely miss the goblin. The adder bites you.
You are poisoned.
The adder poisons you! The goblin hits you.
Unknown command.
You feel sick. The adder misses you. The giant newt barely misses you.
You hit the adder.
The adder is heavily wounded.
The adder bites you.
You puncture the adder!
You kill the adder!
Your magical infusion is running out.
You feel sick.
Drink which item? (? for menu, Esc to quit)
Okay, then.
You miss the giant newt. The giant newt closely misses you.
You hit the giant newt.
You kill the giant newt!
You closely miss the goblin. The goblin hits you.
You hit the goblin.
You kill the goblin!
You die...

There were no monsters in sight!

Vanquished Creatures
  Natasha (D:2)
  2 adders (D:2)
  An ooze (D:1)
  2 giant cockroaches (D:2)
  8 hobgoblins
  4 kobolds
  2 quokkas (D:2)
  5 bats
  5 giant newts (D:2)
  6 goblins
  2 rats (D:1)
38 creatures vanquished.

Action                   |  1- 3 |  4- 6 || total
-------------------------+-------+-------++-------
Melee: Spear             |   126 |    20 ||   146
 Cast: Infusion          |     3 |     2 ||     5
       Song of Slaying   |       |     1 ||     1
  Use: Potion            |       |     4 ||     4
 Stab: Sleeping          |     1 |     1 ||     2
  Eat: Chunk             |     3 |     1 ||     4
       Beef jerky        |       |     1 ||     1

Vault maps used:
D:1:      dpeg_arrival_more_subterranean_lakeside_camping
D:2:      uniq_natasha
D:3:      grunt_temple_overflow_open, ecumenical_altar_1, st_stairs_12
